General information
- name: BNet
- type: Ladder team game (AT/RT)
- host: Battle.net
- saver: Babysavior96
map: Friends
- players: 8
- length: 16:57
- speed: Fast
- version: 1.26 W3XP
- replay type: Public
» download(103 KB)
Players
team 1 (loser)

»
cafecat (
blue | 54 APM | 862 actions | 15:49)
2 Archmage
1 Blizzard
1 Summon Water Elemental
» actions
| Assign group hotkey | 10 | |
| Build / train | 39 | |
| Enter build submenu | 17 | |
| Enter hero's abilities submenu | 2 | |
| Remove unit from queue | 1 | |
| Right click | 346 | |
| Select / deselect | 169 | |
| Select group hotkey | 254 | |
| Use ability | 24 | |
862 total
» units
| Peasant | 9 | |
| Mortar Team | 7 | |
| Siege Engine | 2 | |
18 total
» upgrades
| Masonry | 2 | |
| Lumber Harvesting | 2 | |
| Gunpowder | 3 | |
| Fragmentation Shards | 1 | |
| Armor | 1 | |
| Barrage | 1 | |
| Plating | 1 | |
11 total
» buildings
| Farm | 11 | |
| Altar of Kings | 1 | |
| Lumber Mill | 1 | |
| Scout Tower | 3 | |
| Keep | 1 | |
| Arcane Tower | 1 | |
| Blacksmith | 1 | |
| Workshop | 3 | |
| Castle | 1 | |
| Guard Tower | 1 | |
24 total
» build order
00:17 Farm
00:59 Altar of Kings
01:37 Farm
01:44 Lumber Mill
02:18 Scout Tower
02:21 Farm
02:47 Keep
03:04 Arcane Tower
04:01 Farm
04:09 Blacksmith
04:41 Farm
05:26 Workshop
05:28 Workshop
05:31 Workshop
05:48 Scout Tower
05:50 Scout Tower
05:54 Castle
10:22 Guard Tower
10:35 Farm
10:35 Farm
10:36 Farm
12:55 Farm
12:56 Farm
12:56 Farm
» items
| Scroll of Town Portal | 1 | |
| Dust of Appearance | 1 | |
2 total

»
sickyy123 (
pink | 34 APM | 490 actions | 14:16)
2 Death Knight
1 Death Coil
1 Unholy Aura
» actions
| Build / train | 31 | |
| Enter build submenu | 15 | |
| Enter hero's abilities submenu | 2 | |
| Right click | 296 | |
| Select / deselect | 116 | |
| Use ability | 30 | |
490 total
» units
| Acolyte | 2 | |
| Ghoul | 4 | |
| Crypt Fiend | 3 | |
| Frost Wyrm | 3 | |
12 total
» upgrades
| Freezing Breath | 1 | |
| Creature Attack | 1 | |
| Creature Carapace | 1 | |
3 total
» buildings
| Altar of Darkness | 1 | |
| Ziggurat | 8 | |
| Crypt | 1 | |
| Nerubian Tower | 2 | |
| Graveyard | 1 | |
| Halls of the Dead | 1 | |
| Tomb of Relics | 1 | |
| Black Citadel | 1 | |
| Spirit Tower | 3 | |
| Sacrificial Pit | 1 | |
| Boneyard | 2 | |
22 total
» build order
00:11 Altar of Darkness
00:15 Ziggurat
00:21 Crypt
01:33 Ziggurat
01:46 Ziggurat
02:15 Nerubian Tower
02:52 Graveyard
03:03 Halls of the Dead
03:48 Nerubian Tower
05:04 Tomb of Relics
05:09 Ziggurat
05:17 Ziggurat
05:23 Ziggurat
05:45 Black Citadel
06:36 Spirit Tower
07:43 Sacrificial Pit
07:53 Ziggurat
07:56 Ziggurat
07:59 Spirit Tower
09:06 Boneyard
09:12 Boneyard
09:20 Spirit Tower
» items
| Rod of Necromancy | 2 | |
| Dust of Appearance | 1 | |
| Orb of Corruption | 1 | |
| Potion of Healing | 2 | |
6 total
Babysavior96 (
red | 60 APM | 1021 actions | 16:57)
3 Keeper of the Grove
2 Entangling Roots
1 Thorns Aura
2 Dark Ranger
1 Silence
1 Black Arrow
1 Priestess of the Moon
1 Trueshot Aura
» actions
| Assign group hotkey | 44 | |
| Basic commands | 53 | |
| Build / train | 56 | |
| ESC pressed | 5 | |
| Enter build submenu | 21 | |
| Enter hero's abilities submenu | 6 | |
| Give item / drop item | 1 | |
| Right click | 336 | |
| Select / deselect | 294 | |
| Select group hotkey | 143 | |
| Use ability | 60 | |
1021 total
» units
| Wisp | 16 | |
| Archer | 6 | |
| Druid of the Talon | 5 | |
| Forest Troll Shadow Priest | 1 | |
| Forest Troll Berserker | 1 | |
29 total
» upgrades
| Ultravision | 1 | |
| Strength of the Wild | 2 | |
| Druid of the Talon Training | 2 | |
| Reinforced Hides | 1 | |
| Well Spring | 1 | |
| Mark of the Talon | 1 | |
8 total
» buildings
| Altar of Elders | 1 | |
| Moon Well | 5 | |
| Ancient of War | 3 | |
| Ancient of Wonders | 1 | |
| Hunter's Hall | 2 | |
| Tree of Ages | 1 | |
| Ancient of Wind | 2 | |
| Tree of Eternity | 1 | |
16 total
» build order
00:08 Altar of Elders
00:26 Moon Well
00:37 Ancient of War
03:31 Ancient of War
03:44 Moon Well
04:16 Ancient of War
04:29 Ancient of Wonders
04:52 Hunter's Hall
04:56 Hunter's Hall
05:12 Moon Well
05:55 Tree of Ages
08:25 Moon Well
08:27 Ancient of Wind
08:32 Ancient of Wind
11:58 Tree of Eternity
13:46 Moon Well
» items
| Scroll of Town Portal | 2 | |
| Potion of Healing | 4 | |
| Staff of Preservation | 2 | |
8 total
Rs)K-13EAR( (
orange | 22 APM | 299 actions | 13:53)
1 Mountain King
1 Storm Bolt
» actions
| Basic commands | 9 | |
| Build / train | 32 | |
| Enter build submenu | 12 | |
| Enter hero's abilities submenu | 1 | |
| Right click | 105 | |
| Select / deselect | 110 | |
| Use ability | 30 | |
299 total
» units
» upgrades
» buildings
| Altar of Kings | 2 | |
| Farm | 4 | |
| Barracks | 1 | |
| Scout Tower | 4 | |
| Arcane Tower | 2 | |
| Lumber Mill | 1 | |
| Blacksmith | 1 | |
| Keep | 1 | |
16 total
» build order
00:07 Altar of Kings
00:10 Farm
00:55 Barracks
01:19 Farm
01:45 Scout Tower
02:04 Farm
02:14 Arcane Tower
02:27 Lumber Mill
04:14 Farm
05:06 Scout Tower
05:43 Arcane Tower
07:09 Blacksmith
09:42 Altar of Kings
10:33 Keep
13:20 Scout Tower
13:22 Scout Tower
team 2 (winner)

»
ca_va (
yellow | 48 APM | 811 actions | 16:57)
4 Lich
2 Frost Nova
1 Dark Ritual
1 Frost Armor
4 Death Knight
2 Death Coil
2 Unholy Aura
» actions
| Assign group hotkey | 13 | |
| Basic commands | 35 | |
| Build / train | 41 | |
| Enter build submenu | 20 | |
| Enter hero's abilities submenu | 9 | |
| Remove unit from queue | 2 | |
| Right click | 402 | |
| Select / deselect | 162 | |
| Select group hotkey | 87 | |
| Use ability | 40 | |
811 total
» units
| Acolyte | 2 | |
| Ghoul | 6 | |
| Crypt Fiend | 3 | |
| Frost Wyrm | 4 | |
15 total
» upgrades
| Web | 1 | |
| Freezing Breath | 1 | |
| Creature Attack | 2 | |
| Burrow | 1 | |
| Creature Carapace | 1 | |
6 total
» buildings
| Altar of Darkness | 1 | |
| Crypt | 1 | |
| Ziggurat | 7 | |
| Graveyard | 2 | |
| Tomb of Relics | 1 | |
| Halls of the Dead | 4 | |
| Black Citadel | 1 | |
| Nerubian Tower | 1 | |
| Sacrificial Pit | 1 | |
| Boneyard | 2 | |
21 total
» build order
00:10 Altar of Darkness
00:15 Crypt
00:34 Ziggurat
01:00 Graveyard
01:21 Tomb of Relics
02:33 Graveyard
02:49 Ziggurat
02:51 Halls of the Dead
02:51 Halls of the Dead
02:52 Halls of the Dead
03:16 Ziggurat
05:17 Black Citadel
05:28 Nerubian Tower
06:46 Sacrificial Pit
07:59 Boneyard
08:00 Boneyard
09:32 Ziggurat
09:32 Ziggurat
09:35 Ziggurat
13:05 Ziggurat
» items

»
scholarvate (
teal | 48 APM | 820 actions | 16:57)
2 Archmage
1 Summon Water Elemental
1 Brilliance Aura
2 Blood Mage
1 Flame Strike
1 Banish
2 Pit Lord
1 Rain of Fire
1 Howl of Terror
» actions
| Assign group hotkey | 11 | |
| Basic commands | 3 | |
| Build / train | 50 | |
| Enter build submenu | 22 | |
| Enter hero's abilities submenu | 6 | |
| Right click | 382 | |
| Select / deselect | 172 | |
| Select group hotkey | 125 | |
| Use ability | 49 | |
820 total
» units
» upgrades
| Masonry | 1 | |
| Swords | 2 | |
| Lumber Harvesting | 2 | |
| Plating | 2 | |
| Animal War Training | 1 | |
8 total
» buildings
| Altar of Kings | 1 | |
| Farm | 13 | |
| Barracks | 2 | |
| Lumber Mill | 1 | |
| Scout Tower | 2 | |
| Arcane Tower | 2 | |
| Keep | 1 | |
| Blacksmith | 1 | |
| Castle | 1 | |
24 total
» build order
00:11 Altar of Kings
00:28 Farm
00:31 Barracks
00:47 Farm
01:41 Farm
01:49 Lumber Mill
02:31 Farm
02:57 Farm
04:11 Scout Tower
04:39 Scout Tower
04:51 Arcane Tower
05:24 Arcane Tower
05:50 Keep
06:58 Blacksmith
08:26 Castle
10:04 Farm
10:06 Farm
10:12 Farm
10:49 Barracks
13:15 Farm
13:19 Farm
15:06 Farm
15:28 Farm
16:25 Farm
» items
| Healing Salve | 3 | |
| Lesser Clarity Potion | 2 | |
5 total
babykiller69 (
green | 56 APM | 952 actions | 16:57)
2 Blademaster
1 Wind Walk
1 Critical Strike
» actions
| Build / train | 37 | |
| Enter build submenu | 39 | |
| Enter hero's abilities submenu | 2 | |
| Right click | 577 | |
| Select / deselect | 244 | |
| Use ability | 53 | |
952 total
» units
» upgrades
| Spiked Barricades | 2 | |
| Ranged Weapons | 1 | |
| Reinforced Defenses | 2 | |
| Burning Oil | 1 | |
6 total
» buildings
| War Mill | 1 | |
| Orc Burrow | 5 | |
| Altar of Storms | 1 | |
| Watch Tower | 25 | |
| Barracks | 2 | |
| Voodoo Lounge | 1 | |
| Stronghold | 1 | |
| Fortress | 1 | |
37 total
» build order
00:09 War Mill
00:16 Orc Burrow
00:40 Altar of Storms
02:19 Watch Tower
02:46 Watch Tower
03:29 Watch Tower
03:56 Watch Tower
04:05 Orc Burrow
04:12 Barracks
04:32 Watch Tower
04:38 Watch Tower
04:47 Voodoo Lounge
05:22 Watch Tower
05:41 Watch Tower
06:10 Watch Tower
06:43 Watch Tower
06:47 Watch Tower
07:07 Watch Tower
07:10 Stronghold
07:24 Watch Tower
07:28 Watch Tower
07:54 Watch Tower
08:00 Watch Tower
08:36 Watch Tower
08:40 Watch Tower
09:28 Barracks
10:05 Watch Tower
10:21 Watch Tower
10:39 Orc Burrow
10:47 Watch Tower
10:55 Fortress
11:03 Orc Burrow
11:52 Watch Tower
11:55 Watch Tower
13:03 Watch Tower
13:55 Orc Burrow
15:44 Watch Tower
» items
| Healing Salve | 1 | |
| Lesser Clarity Potion | 2 | |
3 total

»
LA_SOLEDAD (
purple | 29 APM | 484 actions | 16:57)
4 Dark Ranger
2 Black Arrow
2 Life Drain
2 Priestess of the Moon
1 Trueshot Aura
1 Searing Arrows
» actions
| Build / train | 48 | |
| Enter build submenu | 12 | |
| Enter hero's abilities submenu | 6 | |
| Remove unit from queue | 2 | |
| Right click | 215 | |
| Select / deselect | 164 | |
| Use ability | 37 | |
484 total
» units
| Wisp | 12 | |
| Archer | 1 | |
| Huntress | 3 | |
| Dryad | 11 | |
| Druid of the Claw | 3 | |
30 total
» upgrades
| Druid of the Claw Training | 2 | |
| Strength of the Wild | 1 | |
| Mark of the Claw | 1 | |
| Reinforced Hides | 1 | |
| Abolish Magic | 1 | |
6 total
» buildings
| Moon Well | 8 | |
| Altar of Elders | 1 | |
| Ancient of War | 1 | |
| Hunter's Hall | 1 | |
| Tree of Ages | 1 | |
| Ancient of Lore | 2 | |
| Tree of Eternity | 1 | |
15 total
» build order
00:25 Moon Well
00:30 Altar of Elders
00:53 Moon Well
01:22 Ancient of War
02:04 Hunter's Hall
02:44 Moon Well
04:00 Moon Well
04:02 Tree of Ages
05:10 Moon Well
08:28 Ancient of Lore
08:34 Ancient of Lore
10:03 Tree of Eternity
10:54 Moon Well
10:55 Moon Well
10:55 Moon Well
Chat log
(00:58 / Allies) Rs)K-13EAR(: plan
(01:06 / Allies) Babysavior96: make units
(01:09 / Allies) cafecat: motar
(02:44 / Allies) Rs)K-13EAR(: we rushin
(04:17 / All) Babysavior96: so yeah
(04:21 / All) Babysavior96: gotta rebuild my ancient of war
(04:25 / All) Babysavior96: since I lost it to creeps
(04:30 / All) Babysavior96: go me :d
(05:31 / All) Babysavior96: accidentally built two
(05:32 / All) Babysavior96: that`s fine
(05:54 / Allies) Rs)K-13EAR(: dang purp
(06:05 / All) Babysavior96: awwww
(06:11 / All) Babysavior96: you told me you were going to do that too
(06:14 / Allies) Rs)K-13EAR(: dang
(06:15 / All) Babysavior96: didn't even think about it
(06:16 / All) Babysavior96: lol
(06:37 / All) Babysavior96: DENIED EXP
(06:38 / All) Babysavior96: OWNED
(06:44 / Allies) Rs)K-13EAR(: why do i get hit first
(06:50 / Allies) Rs)K-13EAR(: always get hit first
(06:57 / All) Babysavior96: b
(07:40 / Allies) Rs)K-13EAR(: dang noob
(07:52 / All) Babysavior96: yikes
(08:27 / Allies) Rs)K-13EAR(: da** noobs
(08:43 / Allies) Babysavior96: are you really calling us noob
(08:48 / Allies) Babysavior96: after not looking outside your base
(08:52 / Allies) Babysavior96: ?
(08:53 / Allies) Rs)K-13EAR(: no them
(08:58 / Allies) Babysavior96: ok
(09:06 / Allies) Babysavior96: so you're calling them noob for exploiting the fact that you didn't look outside your own base?
(09:19 / Allies) Rs)K-13EAR(: no they tower noobs
(09:28 / Allies) Babysavior96: oh my
(09:45 / Allies) Babysavior96: you're hilarious
(11:07 / All) Babysavior96: According to oj, you're all noobs
(11:18 / All) Rs)K-13EAR(: no just green
(11:24 / All) Babysavior96: lol
(12:17 / All) scholarvate: footmens shield dont reflect towers arrow -.-
(12:33 / All) Babysavior96: still reduces damage from them.
(13:49 / Allies) Rs)K-13EAR(: little fucker
(13:57 / All) Babysavior96: lol
(14:16 / All) Babysavior96: fuck now pink is leaving too
(16:04 / All) Babysavior96: Oh great
(16:13 / All) scholarvate: to bad
(16:31 / All) Babysavior96: k gg
(16:46 / All) Babysavior96: don't know why I build talons and then forget that cyclone exists
(16:53 / All) Babysavior96: but whatever